[Event "fics rated crazyhouse match"]
[Site "fics, Oklahoma City, OK USA"]
[Date "2000.03.08"]
[White "Eyefor"]
[WhiteElo "2437"]
[Black "LordPixel"]
[BlackElo "2395"]
[TimeControl "0+1"]
[Result "1-0"]

1. e4 e6 2. d4 d6 3. Nf3 Nf6 4. Bd3 Be7 5. e5 Ng4 6. Qe2 
Nc6 7. exd6 Bxd6 8. P@c5 Bxh2 9. Nxh2 Nxh2 10. Rxh2 Nxd4 11. B@a4+ P@c6 
12. Qg4 N@f5 13. c3 P@g3 14. fxg3 P@f2+ 15. Kxf2 h5 16. cxd4 e5 17. Bxf5 
Bxf5 18. Qxg7 B@f6 19. Qxh8+ Bxh8 20. R@g8+ Q@f8 21. Rxf8+ Kxf8 22. Bh6+ Kg8 
23. dxe5 Qd4+ 24. Ke1 Qxe5+ 25. N@e2 Bxb1 26. Rxb1 R@g1+ 27. N@f1 Rxf1+ 28. Kxf1 
Qxc5 29. R@g5+ Qxg5 30. P@h7+ Kxh7 31. Bxg5 R@f5+ 32. N@f3 Kg8 33. Bxc6 bxc6 
34. P@h7+ Kxh7 35. Q@h6+ Kg8 36. P@h7# 
{LordPixel checkmated} 1-0

[Event "fics rated crazyhouse match"]
[Site "fics, Oklahoma City, OK USA"]
[Date "2000.03.08"]
[White "LordPixel"]
[WhiteElo "2388"]
[Black "Eyefor"]
[BlackElo "2444"]
[TimeControl "0+1"]
[Result "0-1"]

1. e4 Nf6 2. Nc3 d5 3. exd5 Nxd5 4. d4 e6 5. Nxd5 exd5 6. Nf3 
Nc6 7. Be2 P@h3 8. N@f4 hxg2 9. Nxg2 P@h3 10. Nf4 N@g2+ 11. Nxg2 hxg2 
12. Rg1 N@h4 13. N@c3 Nxf3+ 14. Bxf3 N@b4 15. N@e3 Nxd4 16. Qxd4 Qe7 17. P@e5 
P@c5 18. Qf4 d4 19. N@d5 dxe3 20. Nxe7 exf2+ 21. Kxf2 N@h3+ 22. Kxg2 Nxf4+ 
23. Bxf4 Q@h3+ 24. Kf2 Bxe7 25. Rxg7 N@d3+ 26. cxd3 Nxd3+ 27. Ke3 P@d4+ 28. Kxd3 
Qxf3+ 29. P@e3 dxc3 30. P@g2 cxb2 31. gxf3 bxa1=Q 32. P@f6 Qd1+ 33. Kc4 B@e2+ 
34. P@d3 Qxd3# 
{LordPixel checkmated} 0-1

[Event "fics rated crazyhouse match"]
[Site "fics, Oklahoma City, OK USA"]
[Date "2000.03.08"]
[White "Eyefor"]
[WhiteElo "2451"]
[Black "LordPixel"]
[BlackElo "2381"]
[TimeControl "0+1"]
[Result "1-0"]

1. e4 Nf6 2. Nc3 d5 3. exd5 Nxd5 4. d4 e6 5. Nxd5 exd5 6. Nf3 
Nc6 7. Be2 P@h3 8. N@f4 hxg2 9. Nxg2 P@h3 10. Nf4 N@g2+ 11. Nxg2 hxg2 
12. Rg1 N@h4 13. N@c3 Nxf3+ 14. Bxf3 N@b4 15. N@e3 Nxc2+ 16. Nxc2 P@d3 17. Qxd3 
Bb4 18. Nxb4 Nxb4 19. Qb5+ N@c6 20. Rxg2 Nc2+ 21. Kf1 Nxa1 22. Rxg7 Bh3+ 
23. P@g2 R@c2 24. Bg5 Rxb2 25. Qxb2 P@e7 26. Nxd5 Bxg2+ 27. Bxg2 P@h3 28. Be4 
Nxd4 29. R@g8+ Rxg8 30. Rxg8+ R@f8 31. Rxf8+ Kxf8 32. Bxe7+ Qxe7 33. P@g7+ Kxg7 
34. R@g3+ P@g6 35. Nxe7 R@d1+ 36. R@e1 P@e2+ 37. Qxe2 Nxe2 38. N@f5+ Kf6 39. Nd5+ 
Ke5 40. f4+ Nxf4 41. Q@f6# 
{LordPixel checkmated} 1-0

[Event "fics rated crazyhouse match"]
[Site "fics, Oklahoma City, OK USA"]
[Date "2000.03.08"]
[White "LordPixel"]
[WhiteElo "2375"]
[Black "Eyefor"]
[BlackElo "2457"]
[TimeControl "0+1"]
[Result "1-0"]

1. d4 e6 2. Nc3 d6 3. e4 Nf6 4. Bb5+ Bd7 5. Bg5 Bxb5 6. Bxf6 
Qxf6 7. Nxb5 B@a5+ 8. B@d2 Bxd2+ 9. Qxd2 Qd8 10. B@g5 Be7 11. Bxe7 Qxe7 
12. N@c8 Qd7 13. Nbxa7 Rxa7 14. Nxa7 N@c4 15. R@c8+ B@d8 16. Rxd8+ Kxd8 17. B@g5+ 
Ke8 18. Qc1 Nc6 19. B@c8 B@a5+ 20. P@c3 Bxc3+ 21. bxc3 P@b2 22. Bxd7+ Kxd7 
23. Qd1 bxa1=Q 24. Qxa1 B@b2 25. Nxc6 Bxa1 26. Q@b4 R@d1+ 27. Kxd1 R@e1+ 28. Kxe1 
Bxc3+ 29. Qxc3 Q@b1+ 30. R@d1 P@d2+ 31. Bxd2 Qxa2 32. R@e7+ Kxc6 33. N@b4+ Kb6 
34. Nxa2 N@b2 35. Rxf7 B@g6 36. Rb1 Bxf7 37. Rxb2+ P@b5 38. Qxc4 R@a1+ 39. N@b1 
Rxb1+ 40. Rxb1 Ka7 41. R@a5+ N@a6 42. Rxa6+ bxa6 43. Qxc7+ R@b7 44. Q@b6+ Ka8 
45. Qbxb7# 
{Eyefor checkmated} 1-0

[Event "fics rated crazyhouse match"]
[Site "fics, Oklahoma City, OK USA"]
[Date "2000.03.08"]
[White "Eyefor"]
[WhiteElo "2447"]
[Black "LordPixel"]
[BlackElo "2385"]
[TimeControl "0+1"]
[Result "0-1"]

1. e4 Nf6 2. e5 Nd5 3. d4 Nc6 4. Nf3 e6 5. Bd2 Bb4 6. Bxb4 
Ncxb4 7. a3 Nc6 8. B@g5 B@e7 9. Bxe7 Ncxe7 10. B@h5 B@a5+ 11. Nbd2 g6 
12. Bg4 h5 13. Bh3 Nf4 14. g3 Nxh3 15. Bxh3 Bxd2+ 16. Nxd2 B@g7 17. N@g5 
Nf5 18. Nxf7 Kxf7 19. Bxf5 N@g2+ 20. Kf1 N@e3+ 21. fxe3 Nxe3+ 22. Ke2 Nxd1 
23. Bxg6+ Kxg6 24. N@f4+ Kf7 25. Kxd1 Ke8 26. B@g6+ P@f7 27. Bxf7+ Kxf7 28. P@f2 
Q@b6 29. P@g6+ Ke8 30. N@f7 Qxb2 31. N@d6+ cxd6 32. Nxd6+ Kf8 33. Nb3 B@f3+ 
34. P@e2 N@c3+ 35. Kd2 Bxh1 36. Rxh1 R@a2 37. B@h4 Qxc2+ 38. Ke3 P@g5 39. Bxg5 
Qxg5 40. P@e7+ Qxe7 41. P@d2 Qxb3 42. dxc3 Qxc3+ 43. N@d3 N@c2+ 44. Kf3 Nxd4+ 
45. Kg2 Rxe2 46. Nxe2 P@f3+ 47. Kf1 P@g2+ 48. Kg1 Nxe2# 
{Eyefor checkmated} 0-1

[Event "fics rated crazyhouse match"]
[Site "fics, Oklahoma City, OK USA"]
[Date "2000.03.08"]
[White "LordPixel"]
[WhiteElo "2394"]
[Black "Eyefor"]
[BlackElo "2438"]
[TimeControl "0+1"]
[Result "1-0"]

1. e4 e6 2. d4 d6 3. Nf3 Nf6 4. Bd3 Be7 5. e5 Nd5 6. O-O 
Nc6 7. exd6 Bxd6 8. P@h6 gxh6 9. Bxh6 Bxh2+ 10. Nxh2 Nxd4 11. P@g7 Kd7 
12. B@e5 P@e2 13. Bxe2 Nxe2+ 14. Qxe2 Rg8 15. P@c4 Nf6 16. N@b5 P@d6 17. Bxd6 
cxd6 18. P@c7 Qe7 19. Rd1 P@c6 20. Rxd6+ Ke8 21. Rd8+ Qxd8 22. cxd8=Q+ Kxd8 
23. Q@c7+ Ke8 24. Nd6# 
{Eyefor checkmated} 1-0

[Event "fics rated crazyhouse match"]
[Site "fics, Oklahoma City, OK USA"]
[Date "2000.03.08"]
[White "Eyefor"]
[WhiteElo "2443"]
[Black "LordPixel"]
[BlackElo "2389"]
[TimeControl "0+1"]
[Result "0-1"]

1. e4 Nf6 2. Nc3 d5 3. exd5 Nxd5 4. d4 e6 5. Nxd5 exd5 6. Nf3 
Nc6 7. Be2 P@h3 8. N@f4 hxg2 9. Nxg2 Bb4+ 10. Bd2 N@e4 11. Bxb4 Nxb4 
12. B@a4+ P@c6 13. P@d3 Nxf2 14. Kxf2 P@e4 15. dxe4 dxe4 16. P@e7 Qxe7 17. P@f6 
gxf6 18. Kg1 exf3 19. N@g7+ Kf8 20. Bxf3 N@h3+ 21. Kf1 Kxg7 22. P@e4 N@f2 
23. Qe2 B@a6 24. Qxa6 Nxa6 25. B@c4 Nxh1 26. Ke1 Q@f2+ 27. Kd1 R@g1+ 28. Bf1 
Rxf1+ 29. Ne1 Rxe1# 
{Eyefor checkmated} 0-1

[Event "fics rated crazyhouse match"]
[Site "fics, Oklahoma City, OK USA"]
[Date "2000.03.08"]
[White "Eyefor"]
[WhiteElo "2441"]
[Black "LordPixel"]
[BlackElo "2391"]
[TimeControl "0+1"]
[Result "1-0"]

1. e4 e6 2. d4 d6 3. Nf3 Nf6 4. Bd3 Nc6 5. c3 d5 6. e5 
Ne4 7. O-O Be7 8. Qc2 f5 9. exf6 Nxf6 10. P@g5 Ng4 11. Bxh7 Rxh7 
12. P@f7+ Kxf7 13. Qxh7 B@g6 14. R@f4+ P@f6 15. Qxg6+ Kxg6 16. Rxg4 P@c2 17. gxf6+ 
Kxf6 18. P@g6 cxb1=R 19. B@e5+ Nxe5 20. dxe5+ Kf5 21. N@e3# 
{LordPixel checkmated} 1-0

[Event "fics rated crazyhouse match"]
[Site "fics, Oklahoma City, OK USA"]
[Date "2000.03.08"]
[White "LordPixel"]
[WhiteElo "2384"]
[Black "Eyefor"]
[BlackElo "2448"]
[TimeControl "0+1"]
[Result "1-0"]

1. e4 Nf6 2. Nc3 d5 3. exd5 Nxd5 4. Nf3 e6 5. d4 Nxc3 6. bxc3 
N@e4 7. P@b2 Nxf2 8. Kxf2 P@e4 9. Bb5+ P@c6 10. Bg5 f6 11. Ne5 fxg5 
12. Bxc6+ Nxc6 13. Qh5+ B@g6 14. P@f7+ Ke7 15. Qxg5+ B@f6 16. Qxf6+ gxf6 17. B@c5+ 
Q@d6 18. Bxd6+ cxd6 19. N@g8+ Rxg8 20. Nxc6+ bxc6 21. fxg8=Q e3+ 22. Ke1 B@d2+ 
23. Kf1 Bxc3 24. bxc3 N@d2+ 25. Ke1 P@f2+ 26. Kd1 N@h6 27. R@g7+ Ke8 28. P@e7 
Bh5+ 29. Kc1 Nb3+ 30. axb3 Nxg8 31. exd8=Q+ Kxd8 32. Q@c7+ Ke8 33. Q@d8# 
{Eyefor checkmated} 1-0

[Event "fics rated crazyhouse match"]
[Site "fics, Oklahoma City, OK USA"]
[Date "2000.03.08"]
[White "Eyefor"]
[WhiteElo "2439"]
[Black "LordPixel"]
[BlackElo "2393"]
[TimeControl "0+1"]
[Result "0-1"]

1. e4 e6 2. d4 d5 3. exd5 exd5 4. Bb5+ c6 5. Qe2+ Be7 6. Bf4 
cxb5 7. Bxb8 Rxb8 8. Qxb5+ B@c6 9. Qe2 B@a5+ 10. P@c3 P@c7 11. N@h5 Kf8 
12. Nxg7 Kxg7 13. P@e5 N@c4 14. b3 Nb2 15. a4 Nh6 16. Ra2 Bg4 17. f3 
Nf5 18. Rxb2 Nxd4 19. Qd2 P@d3 20. Qxd3 Nxf3+ 21. Nxf3 Kf8 22. P@g7+ Kxg7 
23. N@f5+ Bxf5 24. Qxf5 P@f2+ 25. Kxf2 N@e4+ 26. Kf1 Bxc3 27. N@g5 Bxg5 28. P@f6+ 
Kg8 29. B@d4 N@g3+ 30. hxg3 Nxg3+ 31. Kg1 Nxf5 32. Nxc3 Q@c1+ 33. N@d1 P@e2 
34. Nxe2 Qxd1+ 35. B@f1 N@e3 36. Bxe3 Bxe3+ 37. Kh2 B@f4+ 38. P@g3 Nxg3 39. Nxg3 
Bxg3+ 40. Kxg3 N@f5+ 41. Kh3 P@e2 42. P@e7 Qd7 43. e8=B Rxe8 44. B@d3 Nd4+ 
45. N@f5 Nxf3 46. gxf3 N@g5+ 47. Kg4 e1=Q 48. N@e7+ Kf8 49. N@d4 Bxd4 50. Bfe2 
Qg1+ 51. Rxg1 Qxg1+ 52. P@g3 Bxb2 53. Nxc6 bxc6 54. B@h6+ Kg8 55. Kxg5 R@g6+ 
56. Kh5 R@h3+ 57. N@h4 Rxe5 58. Bg5 Rxg5+ 59. Kxg5 Qxg3+ 60. R@g4 B@f4+ 61. Kh5+ 
P@g6+ 62. Rxg6+ fxg6# 
{Eyefor checkmated} 0-1

[Event "fics rated crazyhouse match"]
[Site "fics, Oklahoma City, OK USA"]
[Date "2000.03.08"]
[White "LordPixel"]
[WhiteElo "2402"]
[Black "Eyefor"]
[BlackElo "2430"]
[TimeControl "0+1"]
[Result "0-1"]

1. d4 e6 2. Nc3 d6 3. e4 Nf6 4. Bb5+ Bd7 5. Bg5 Nc6 6. Bxf6 
Qxf6 7. Bxc6 Bxc6 8. N@h5 Qe7 9. N@c4 B@b4 10. Qg4 f5 11. Nxg7+ Bxg7 
12. Qh5+ B@f7 13. Qe2 Bxe4 14. P@f3 N@f4 15. fxe4 Bxc3+ 16. bxc3 Nxe2 17. B@a4+ 
P@c6 18. Nxe2 fxe4 19. N@a5 P@b5 20. Nxb7 bxa4 21. P@c5 dxc5 22. Nxc5 P@f3 
23. P@d7+ Kf8 24. B@a3 fxe2 25. Nxe4 N@d3+ 26. cxd3 N@c2+ 27. Kxe2 B@h5+ 28. Kf1 
Q@e2+ 29. Kg1 Nxa3 30. N@f4 Qxe4 31. dxe4 Nxc4 32. Q@b7 N@b6 33. Qxc7 Qxd7 
34. Qxd7 Nxd7 35. Q@b4+ N@d6 36. P@b7 Rd8 37. P@c7 Q@h4 38. cxd8=Q+ Qxd8 39. R@c8 
B@h4 40. Rxd8+ Bxd8 41. Nxh5 Bxh5 42. Qxa4 N@e2+ 43. Kf1 Nd2+ 44. Ke1 P@b2 
45. Rd1 Nxc3 46. Qxc6 R@e2# 
{LordPixel checkmated} 0-1

[Event "fics rated crazyhouse match"]
[Site "fics, Oklahoma City, OK USA"]
[Date "2000.03.08"]
[White "LordPixel"]
[WhiteElo "2404"]
[Black "Eyefor"]
[BlackElo "2428"]
[TimeControl "0+1"]
[Result "1-0"]

1. e4 e6 2. d4 d6 3. Nf3 Nf6 4. Bd3 Be7 5. e5 Nd5 6. O-O 
dxe5 7. dxe5 P@g4 8. Nd4 h5 9. P@g6 fxg6 10. Bxg6+ P@f7 11. Bxf7+ Kxf7 
12. P@e4 Kg8 13. exd5 exd5 14. N@e6 Bxe6 15. Nxe6 Qd7 16. Nxg7 Kxg7 17. P@f6+ 
Bxf6 18. exf6+ Kxf6 19. B@c3+ Ke7 20. Bxh8 Kd8 21. R@f8+ Ke7 22. P@g7 N@e6 
23. B@f6+ Kd6 24. g8=Q N@c6 25. Rxb8 Nxb8 26. N@c8+ Kc5 27. Be3+ Kb5 28. Nc3+ 
Ka5 29. Nxa7 Rxa7 30. Qxb8 N@c6 31. N@b3+ Kb4 32. a3+ Rxa3 33. bxa3+ Kc4 
34. Qd3# 
{Eyefor checkmated} 1-0

[Event "fics rated crazyhouse match"]
[Site "fics, Oklahoma City, OK USA"]
[Date "2000.03.08"]
[White "Eyefor"]
[WhiteElo "2419"]
[Black "LordPixel"]
[BlackElo "2413"]
[TimeControl "0+1"]
[Result "1-0"]

1. d4 e6 2. Nc3 d6 3. e4 Nf6 4. Nf3 Nc6 5. Bb5 Ng4 6. Ng5 
h5 7. Bxc6+ bxc6 8. Nxf7 Qf6 9. P@f3 Nxf2 10. Kxf2 Qxf7 11. Ke1 B@h4+ 
12. g3 N@g2+ 13. Kf1 P@b4 14. gxh4 Nxh4 15. N@g5 P@g2+ 16. Ke2 gxh1=Q 17. Qxh1 
R@g2+ 18. Qxg2 Nxg2 19. R@d8+ Ke7 20. N@d3 Qg6 21. Rxc8 Rxc8 22. P@b7 Rd8 
23. B@f7 Qf6 24. e5 dxe5 25. B@c5+ P@d6 26. dxe5 Qxe5+ 27. Nxe5 Q@e1+ 28. Kd3 
dxc5+ 29. P@d6+ Rxd6+ 30. Kc4 bxc3 31. Ng6+ Kf6 32. b8=Q P@d2 33. Nxh8 Kxg5 
34. Q@g6+ Kf4 35. Bxd2+ Qxd2 36. Qe4+ Kg5 37. R@g6# 
{LordPixel checkmated} 1-0

[Event "fics rated crazyhouse match"]
[Site "fics, Oklahoma City, OK USA"]
[Date "2000.03.08"]
[White "LordPixel"]
[WhiteElo "2405"]
[Black "Eyefor"]
[BlackElo "2427"]
[TimeControl "0+1"]
[Result "0-1"]

1. e4 Nf6 2. Nc3 d5 3. exd5 Nxd5 4. Nf3 e6 5. d4 Nxc3 6. bxc3 
N@e4 7. P@b2 Nxf2 8. Kxf2 P@e4 9. Bb5+ P@c6 10. Bg5 f6 11. Bxf6 gxf6 
12. P@g7 Bxg7 13. N@h5 B@f8 14. Nxg7+ Bxg7 15. N@h5 N@g4+ 16. Ke2 Bh6 17. Ba4 
Ne3 18. Nh4 Nxd1 19. B@f7+ Kxf7 20. Raxd1 B@g4+ 21. N@f3 exf3+ 22. Nxf3 Q@e3+ 
23. Kf1 P@e2+ 24. Ke1 exd1=Q+ 25. Kxd1 R@a1# 
{LordPixel checkmated} 0-1

[Event "fics rated crazyhouse match"]
[Site "fics, Oklahoma City, OK USA"]
[Date "2000.03.08"]
[White "Eyefor"]
[WhiteElo "2434"]
[Black "LordPixel"]
[BlackElo "2398"]
[TimeControl "0+1"]
[Result "1-0"]

1. e4 Nf6 2. Nc3 d5 3. exd5 Nxd5 4. d4 e6 5. Nxd5 exd5 6. Nf3 
Nc6 7. Be2 P@h3 8. N@f4 hxg2 9. Nxg2 Bb4+ 10. Bd2 N@e4 11. Bxb4 Nxb4 
12. B@a4+ P@c6 13. P@e5 Bf5 14. P@d3 Nxf2 15. Kxf2 P@g4 16. Nfh4 Nxc2 17. Nxf5 
P@e3+ 18. Kf1 Nxd4 19. Nxg7+ Kf8 20. B@c5+ Kxg7 21. P@f6+ Kh6 22. Bxd4 N@d2+ 
23. Qxd2 exd2 24. N@f5+ Kg5 25. N@h6 Q@d7 26. h4+ gxh3 27. N@f3+ Kg6 28. Nf4# 
{LordPixel checkmated} 1-0

[Event "fics rated crazyhouse match"]
[Site "fics, Oklahoma City, OK USA"]
[Date "2000.03.08"]
[White "LordPixel"]
[WhiteElo "2391"]
[Black "Eyefor"]
[BlackElo "2441"]
[TimeControl "0+1"]
[Result "0-1"]

1. e4 Nf6 2. Nc3 d5 3. exd5 Nxd5 4. d4 e6 5. Nxd5 exd5 6. Nf3 
Nc6 7. Be2 P@h3 8. N@f4 hxg2 9. Nxg2 Bb4+ 10. Bd2 N@e4 11. Bxb4 Nxb4 
12. B@a4+ P@c6 13. P@e5 Bf5 14. P@d3 Nxf2 15. Kxf2 P@g4 16. N@h5 B@h6 17. Nfh4 
Qg5 18. Ng3 Bxd3 19. Bxd3 Nxd3+ 20. Qxd3 B@c4 21. Qd1 P@h3 22. B@c1 Qe7 
23. N@f5 Qb4 24. Bxh6 gxh6 25. Ng7+ Kd8 26. B@f6+ B@e7 27. Bxe7+ Qxe7 28. B@f6 
hxg2 29. Bxe7+ Kxe7 30. N3f5+ Kd8 31. Q@f6+ Kc8 32. Ne7+ Kb8 33. Nxc6+ bxc6 
34. Qxf7 N@h3+ 35. Kg3 gxh1=N+ 36. Qxh1 B@f4+ 37. Qxf4 Nxf4 38. Bxc6 R@h3+ 39. Kxf4 
Q@g5# 
{LordPixel checkmated} 0-1

[Event "fics rated crazyhouse match"]
[Site "fics, Oklahoma City, OK USA"]
[Date "2000.03.08"]
[White "LordPixel"]
[WhiteElo "2377"]
[Black "Eyefor"]
[BlackElo "2455"]
[TimeControl "0+1"]
[Result "0-1"]

1. e4 Nf6 2. e5 Nd5 3. d4 Nc6 4. Nf3 e6 5. Bd2 Bb4 6. Bxb4 
Ncxb4 7. a3 Nc6 8. B@g5 B@e7 9. Bxe7 Ncxe7 10. B@h5 B@a5+ 11. Nbd2 g6 
12. Bg4 h5 13. Bh3 Nf4 14. Ng5 Nc6 15. Nxf7 Kxf7 16. P@b4 Bxb4 17. axb4 
Nxh3 18. gxh3 B@e7 19. Ne4 Bxb4+ 20. c3 P@c2 21. Qf3+ P@f5 22. cxb4 Nxd4 
23. N@g5+ Kg8 24. B@f7+ Kf8 25. B@c5+ N@d6 26. Bxd6+ cxd6 27. N@h7+ Rxh7 28. Nxh7+ 
Kg7 29. Qg2 N@f3+ 30. Qxf3 Nxf3+ 31. Ke2 Q@c4+ 32. Kxf3 Qxe4+ 33. Kg3 P@f4# 
{LordPixel checkmated} 0-1

[Event "fics rated crazyhouse match"]
[Site "fics, Oklahoma City, OK USA"]
[Date "2000.03.08"]
[White "Eyefor"]
[WhiteElo "2461"]
[Black "LordPixel"]
[BlackElo "2371"]
[TimeControl "0+1"]
[Result "0-1"]

1. e4 Nf6 2. Nc3 d5 3. exd5 Nxd5 4. Nf3 e6 5. d4 Nxc3 6. bxc3 
N@e4 7. P@b2 Nxf2 8. Kxf2 P@e4 9. Ng5 Qf6+ 10. Ke2 P@f5 11. N@e5 Be7 
12. N@b5 Na6 13. Nexf7 Rf8 14. Ne5 Qxg5 15. Bxg5 Bxg5 16. Q@h5+ N@f7 17. Nxf7 
B@g4+ 18. Qxg4 fxg4 19. N@d6+ Ke7 20. Ke1 Q@e3+ 21. Be2 Rxf7 22. Nxc8+ Rxc8 
23. B@a3+ Ke8 24. P@f6 Bh4+ 25. B@g3 Bxg3+ 26. hxg3 Qxg3+ 27. B@f2 Qxg2 28. Rg1 
Qh2 29. Be7 N@h3 30. Nxc7+ Nxc7 31. P@d7+ Kxd7 32. Be3 N@f3+ 33. Kf1 P@g2+ 
34. Rxg2 Qh1+ 35. Rg1 P@g2# 
{Eyefor checkmated} 0-1

[Event "fics rated crazyhouse match"]
[Site "fics, Oklahoma City, OK USA"]
[Date "2000.03.08"]
[White "LordPixel"]
[WhiteElo "2381"]
[Black "Eyefor"]
[BlackElo "2451"]
[TimeControl "0+1"]
[Result "0-1"]

1. d4 e6 2. Nc3 d6 3. e4 Nf6 4. Bb5+ Bd7 5. Bg5 e5 6. Bxf6 
Qxf6 7. Bxd7+ Nxd7 8. Nf3 exd4 9. Nxd4 B@c5 10. N@d5 Bxd4 11. Nxf6+ Bxf6 
12. Nd5 B@a5+ 13. B@d2 Bb6 14. P@a5 Bxf2+ 15. Kxf2 N@e6 16. Nxf6+ Nxf6 17. Q@a4+ 
N@c6 18. B@d5 Nxd5 19. exd5 N@c5 20. Qa3 Ne4+ 21. Kf1 B@c4+ 22. B@d3 Bxd5 
23. Bxe4 Bxe4 24. N@e3 P@d4 25. Nc4 B@d5 26. N@e3 Bxg2+ 27. Nxg2 Bxc4+ 28. B@d3 
Bd5 29. Qe2 P@f3 30. Qxe6+ fxe6 31. Nf4 P@e2+ 32. Ke1 f2+ 33. Kxe2 Q@f3+ 
34. Kf1 P@g2+ 35. Nxg2 Qxg2+ 36. Ke2 f1=Q# 
{LordPixel checkmated} 0-1

[Event "fics rated crazyhouse match"]
[Site "fics, Oklahoma City, OK USA"]
[Date "2000.03.08"]
[White "LordPixel"]
[WhiteElo "2369"]
[Black "Eyefor"]
[BlackElo "2463"]
[TimeControl "0+1"]
[Result "1-0"]

1. e4 Nf6 2. Nc3 d5 3. exd5 Nxd5 4. Nf3 e6 5. d4 Nxc3 6. bxc3 
N@e4 7. P@b2 Nxf2 8. Kxf2 P@e4 9. Bb5+ P@c6 10. Bg5 f6 11. Ne5 fxg5 
12. Bxc6+ Nxc6 13. Qh5+ B@g6 14. P@f7+ Ke7 15. Qxg5+ B@f6 16. Qxf6+ gxf6 17. B@c5+ 
Q@d6 18. Bxd6+ cxd6 19. N@g8+ Rxg8 20. Nxc6+ bxc6 21. fxg8=Q e3+ 22. Ke1 B@d2+ 
23. Kf1 Bxc3 24. bxc3 N@d2+ 25. Ke1 P@f2+ 26. Kd1 N@e4 27. Q@d3 Bh6 28. R@h8 
Qxg8 29. Rxg8 P@e2+ 30. Kxe2 Ng3+ 31. hxg3 Bxd3+ 32. cxd3 Bf8 33. Rxh7+ Q@f7 
34. Rxf7+ Kxf7 35. B@g6+ Kxg8 36. Q@h7# 
{Eyefor checkmated} 1-0

[Event "fics rated crazyhouse match"]
[Site "fics, Oklahoma City, OK USA"]
[Date "2000.03.08"]
[White "Eyefor"]
[WhiteElo "2453"]
[Black "LordPixel"]
[BlackElo "2379"]
[TimeControl "0+1"]
[Result "0-1"]

1. e4 Nf6 2. Nc3 d5 3. exd5 Nxd5 4. d4 e6 5. Nxd5 exd5 6. Nf3 
Nc6 7. Be2 P@h3 8. N@f4 hxg2 9. Nxg2 P@h3 10. Nf4 N@g2+ 11. Nxg2 hxg2 
12. Rg1 N@h4 13. N@c3 Nxf3+ 14. Bxf3 N@b4 15. N@e3 Nxd4 16. Qxd4 Qe7 17. P@e5 
P@c5 18. Qf4 d4 19. N@d5 dxe3 20. Nxe7 exf2+ 21. Kxf2 N@h3+ 22. Kxg2 Nxf4+ 
23. Bxf4 Q@h3+ 24. Kf2 Bxe7 25. N@d5 N@d3+ 26. cxd3 Nxd3+ 27. Ke2 Nxf4+ 28. Nxf4 
Qxh2+ 29. N@g2 B@c4+ 30. P@d3 P@g4 31. P@d7+ Bxd7 32. Bxb7 P@f3+ 33. Bxf3 gxf3+ 
34. Kxf3 B@d4 35. Rh1 P@g4+ 36. Ke2 P@f3+ 37. Kd2 Bxc3+ 38. bxc3 Qg3 39. N@e4 
fxg2 40. Nxg3 N@f3+ 41. Kc1 gxh1=Q+ 42. Nxh1 R@e1+ 43. B@d1 Bg5 44. P@e3 Bxf4 
45. exf4 N@e2+ 46. Kb2 Bxd3 47. B@b3 Rxd1 48. Rxd1 Nxf4 49. Q@b7 Nxe5 50. Qxa8+ 
N@c8 51. P@b7 P@a3+ 52. Kxa3 P@b4+ 53. cxb4 cxb4+ 54. Kxb4 P@c5+ 55. Ka3 P@b4+ 
56. Kb2 B@c3+ 57. Kc1 Ne2# 
{Eyefor checkmated} 0-1

[Event "fics rated crazyhouse match"]
[Site "fics, Oklahoma City, OK USA"]
[Date "2000.03.08"]
[White "LordPixel"]
[WhiteElo "2389"]
[Black "Eyefor"]
[BlackElo "2443"]
[TimeControl "0+1"]
[Result "0-1"]

1. d4 e6 2. Nc3 d6 3. e4 Nf6 4. Nf3 Nc6 5. Bb5 Ng4 6. Ng5 
h5 7. Bxc6+ bxc6 8. Nxf7 Qf6 9. P@f3 Nxf2 10. Kxf2 Qxf7 11. Ke1 B@h4+ 
12. g3 N@g2+ 13. Kf1 P@g4 14. gxh4 Nxh4 15. f4 P@g2+ 16. Kg1 gxh1=R+ 17. Kxh1 
R@g2 18. B@g3 Rxg3 19. hxg3 B@f3+ 20. Qxf3 Nxf3 21. B@g1 Q@e1 22. R@g2 h4 
23. P@h7 hxg3 24. N@h4 Rxh7 25. N@f5 Rxh4+ 26. Nxh4 N@f2+ 27. Rxf2 Qxg1# 
{LordPixel checkmated} 0-1

[Event "fics rated crazyhouse match"]
[Site "fics, Oklahoma City, OK USA"]
[Date "2000.03.08"]
[White "Eyefor"]
[WhiteElo "2450"]
[Black "LordPixel"]
[BlackElo "2382"]
[TimeControl "0+1"]
[Result "0-1"]

1. e4 Nf6 2. Nc3 e6 3. e5 Nd5 4. d4 Bb4 5. Bd2 Nxc3 6. bxc3 
N@b2 7. Qb1 Bxc3 8. Bxc3 Na4 9. N@b5 Nxc3 10. Nxc3 Nc6 11. N@b5 P@b4 
12. B@g5 bxc3 13. Bxd8 B@d2+ 14. Ke2 Kxd8 15. Q@h4+ B@g5 16. Qg4 h5 17. Qf3 
N@a3 18. Qxf7 Nxb1 19. Rxb1 Q@e4+ 20. P@e3 Qxc2 21. Nxc7 Bdxe3+ 22. P@d2 Nxd4+ 
23. Ke1 cxd2# 
{Eyefor checkmated} 0-1

[Event "fics rated crazyhouse match"]
[Site "fics, Oklahoma City, OK USA"]
[Date "2000.03.08"]
[White "Eyefor"]
[WhiteElo "2431"]
[Black "LordPixel"]
[BlackElo "2401"]
[TimeControl "0+1"]
[Result "0-1"]

1. e4 e6 2. d4 d6 3. Nc3 Nf6 4. Nf3 Be7 5. Bd3 Nc6 6. Bg5 
Ng4 7. Bxe7 Qxe7 8. h3 Nxf2 9. Kxf2 P@e5 10. dxe5 dxe5 11. P@b5 B@d4+ 
12. Ke2 Bxc3 13. bxc3 N@g3+ 14. Ke1 Nxh1 15. bxc6 R@e3+ 16. B@e2 P@f2+ 17. Kd2 
Rxd3+ 18. Bxd3 B@f4+ 19. Ke2 bxc6 20. Qxh1 P@b2 21. Kxf2 Qc5+ 22. B@d4 exd4 
23. cxd4 B@e3+ 24. Ke2 Bxd4 25. Nxd4 Qxd4 26. P@d7+ Qxd7 27. Rd1 N@g3+ 28. Kf3 
Nxh1 29. Rxh1 Q@e3+ 30. Kg4 Qg3+ 31. Kh5 Qg5# 
{Eyefor checkmated} 0-1

[Event "fics rated crazyhouse match"]
[Site "fics, Oklahoma City, OK USA"]
[Date "2000.03.08"]
[White "LordPixel"]
[WhiteElo "2410"]
[Black "Eyefor"]
[BlackElo "2422"]
[TimeControl "0+1"]
[Result "1-0"]

1. e4 e6 2. d4 d6 3. Nc3 Nf6 4. Nf3 Be7 5. Be2 Nc6 6. O-O 
e5 7. d5 Nb8 8. Ng5 Rf8 9. Bd2 h6 10. Nf3 Bg4 11. Bb5+ Nbd7 
12. Bxd7+ Qxd7 13. N@c4 Bxf3 14. Qxf3 N@g4 15. B@f5 Qd8 16. Bxg4 Nxg4 17. Qxg4 
B@g5 18. Bxg5 Bxg5 19. B@a4+ B@d7 20. Bxd7+ Qxd7 21. Qxd7+ Kxd7 22. B@f5+ B@e6 
23. dxe6+ fxe6 24. Bxe6+ Kxe6 25. B@g4+ P@f5 26. exf5+ Ke7 27. Q@e6+ Kd8 28. N@c6+ 
bxc6 29. N@b7# 
{Eyefor checkmated} 1-0

[Event "fics rated crazyhouse match"]
[Site "fics, Oklahoma City, OK USA"]
[Date "2000.03.08"]
[White "Eyefor"]
[WhiteElo "2414"]
[Black "LordPixel"]
[BlackElo "2418"]
[TimeControl "0+1"]
[Result "0-1"]

1. e4 e6 2. d4 d6 3. Nc3 Nf6 4. Nf3 Be7 5. Bd3 Nc6 6. h3 
e5 7. dxe5 dxe5 8. P@g5 Nd7 9. Nd5 P@e6 10. Nxe7 Qxe7 11. B@b5 N@d4 
12. Bxc6 bxc6 13. Nxd4 B@a5+ 14. Bd2 Bxd2+ 15. Qxd2 exd4 16. N@h5 B@e5 17. f4 
N@e3 18. fxe5 Qxg5 19. B@g4 Nxe5 20. N@f3 Nxf3+ 21. Bxf3 N@g3 22. B@f4 Qxf4 
23. Nxf4 Nxh1 24. Qc1 R@g1+ 25. N@f1 B@g3+ 26. Ke2 Bxf4 27. Qxe3 dxe3 28. Q@h4 
Q@d2+ 29. Nxd2 N@d4# 
{Eyefor checkmated} 0-1

[Event "fics rated crazyhouse match"]
[Site "fics, Oklahoma City, OK USA"]
[Date "2000.03.08"]
[White "LordPixel"]
[WhiteElo "2426"]
[Black "Eyefor"]
[BlackElo "2406"]
[TimeControl "0+1"]
[Result "0-1"]

1. e4 e6 2. d4 d6 3. Nf3 Nf6 4. Bd3 Nc6 5. c3 e5 6. d5 
Nb8 7. h3 Nbd7 8. Ng5 Nc5 9. Nxf7 Nxd3+ 10. Qxd3 Kxf7 11. N@g5+ Ke7 
12. h4 N@c5 13. Qe2 B@d3 14. Qd2 Bxb1 15. Rxb1 N@d3+ 16. Kd1 Ncxe4 17. Nxe4 
Nxe4 18. B@g5+ P@f6 19. Be3 Nxd2 20. Kxd2 Q@e4 21. P@c2 Qxg2 22. cxd3 Qxh1 
23. N@e6 R@d1+ 24. Kc2 Bxe6 25. dxe6 N@e1+ 26. Kxd1 P@c2+ 27. Kd2 cxb1=N+ 28. Ke2 
Qf3+ 29. Kf1 R@g1+ 30. Kxg1 Qg2# 
{LordPixel checkmated} 0-1

[Event "fics rated crazyhouse match"]
[Site "fics, Oklahoma City, OK USA"]
[Date "2000.03.08"]
[White "Eyefor"]
[WhiteElo "2414"]
[Black "LordPixel"]
[BlackElo "2418"]
[TimeControl "0+1"]
[Result "1-0"]

1. d4 e6 2. Nc3 d6 3. e4 Nf6 4. Bb5+ Bd7 5. Bg5 e5 6. Bxf6 
Qxf6 7. N@d5 Qd8 8. dxe5 dxe5 9. P@e6 fxe6 10. Qh5+ P@f7 11. Qxe5 P@d6 
12. P@e7 dxe5 13. exd8=Q+ Kxd8 14. Q@g5+ Kc8 15. Nxc7 f6 16. Qd2 Kxc7 17. Bxd7 
Nxd7 18. B@a5+ P@b6 19. Rd1 N@c5 20. Bb4 Kb8 21. Bxc5 Bxc5 22. P@c7+ Kxc7 
23. Qxd7+ Kb8 24. N@a6+ bxa6 25. N@c6# 
{LordPixel checkmated} 1-0